 Dungeon Crawl Stone Soup version 0.30-a0-719-gcc4359ea44 (webtiles) character file.

Game seed: 5179876107323510532

450 zebra48r the Ruffian (level 6, -4/76 HPs)
             Began as a Minotaur Fighter on Jan 26, 2023.
             Slain by a gnoll sergeant
             ... wielding a +0 spear
              (5 damage)
             ... on level 4 of the Dungeon.
             The game lasted 00:05:21 (2478 turns).

zebra48r the Ruffian (Minotaur Fighter)             Turns: 2478, Time: 00:05:22

Health: -4/76      AC:  6    Str: 21    XL:     6   Next: 74%
Magic:  5/5        EV: 11    Int:  5    God:
Gold:   145        SH:  4    Dex: 11    Spells: 5/5 levels left

rFire   . . .      SeeInvis .      - Unarmed
rCold   . . .      Faith    .    b - +0 buckler
rNeg    . . .      Spirit   .    a - +0 scale mail
rPois   .          Reflect  .    (helmet restricted)
rElec   .          Harm     .    (no cloak)
rCorr   .          Rampage  .    (no gloves)
Will    .....                    (no boots) Stlth
                                 (no amulet)
HPRegen 0.32/turn                (no ring)
MPRegen 0.09/turn                (no ring)

@: mighty, brilliant, berserking, attractive, hasted, very quick
A: horns 2, retaliatory headbutt
a: no special abilities


You were on level 4 of the Dungeon.
You visited 1 branch of the dungeon, and saw 4 of its levels.

You collected 145 gold pieces.

Inventory:

Armour
 a - a +0 scale mail (worn)
 b - a +0 buckler (worn)
Magical Staves
 m - a staff of earth
Scrolls
 d - a scroll of torment {unknown}
 e - 2 scrolls of vulnerability {unknown}
 f - 3 scrolls of identify {unknown}
 j - a scroll of teleportation {unknown}
 k - a scroll of noise {unknown}
 n - a scroll of blinking {unknown}
Potions
 g - 2 potions of brilliance
 l - a potion of heal wounds
 o - a potion of curing


   Skills:
 - Level 3.6 Fighting
 - Level 3.6 Armour
 + Level 5.2 Dodging
 - Level 3.6 Shields
 + Level 5.8 Unarmed Combat


You had 5 spell levels left.
You didn't know any spells.
Your spell library contained the following spells:

 Spells                   Type           Power      Damage    Failure   Level
 Magic Dart               Conj           0%         1d3       88%         1
 Shock                    Conj/Air       0%         1d3       88%         1
 Cigotuvi's Dreadful Rot  Necr/Pois/Air  0%         N/A       96%         2
 Poisonous Vapours        Pois/Air       0%         N/A       96%         2
 Searing Ray              Conj           0%         2d4       96%         2
 Hailstorm                Conj/Ice       0%         3d3       99%         3
 Mephitic Cloud           Conj/Pois/Air  0%         N/A       99%         3
 Swiftness                Air            0%         N/A       99%         3
 Airstrike                Air            0%         2d(0-16)  100%        4
 Fulminant Prism          Conj/Hex       0%         3d5       100%        4
 Ice Form                 Ice/Tmut       0%         N/A       100%        4
 Simulacrum               Ice/Necr       0%         N/A       100%        6


Dungeon Overview and Level Annotations

Branches:
Dungeon (4/15)
 Temple: D:4-7

Altars:


Innate Abilities, Weirdness & Mutations

You have a pair of horns on your head.
You reflexively headbutt those who attack you in melee.


Message History

The gnoll barely misses you.
The gnoll sergeant hits you with a +0 spear.
The gnoll hits you with a +0 spear. You block the jackal's attack.
It was a potion of berserk rage.
A red film seems to cover your vision as you go berserk!
You feel yourself moving faster!
You feel mighty! The gnoll barely misses you. You block the gnoll's attack.
You block the gnoll sergeant's attack. The gnoll misses you.
You hit the gnoll sergeant.
The gnoll sergeant is lightly wounded.
You block the jackal's attack.
You barely miss the gnoll sergeant. You headbutt the gnoll sergeant!!
The gnoll sergeant is almost dead.
The jackal bites you but does no damage.
You block the gnoll's attack.
The gnoll hits you from afar with a +0 spear.
The gnoll hits you with a +0 spear.
The gnoll sergeant hits you with a +0 spear.
The gnoll hits you from afar with a +0 halberd.
* * * LOW HITPOINT WARNING * * *
You are too injured to fight recklessly!
You are too berserk!
You punch the gnoll! Your headbutt misses the gnoll.
The gnoll is almost dead.
You block the jackal's attack.
You barely miss the gnoll.
The gnoll is almost dead.
The gnoll hits you but does no damage. x2
The gnoll sergeant hits you with a +0 spear!
* * * LOW HITPOINT WARNING * * *
The gnoll hits you from afar with a +0 spear.
* * * LOW HITPOINT WARNING * * *
You block the jackal's attack. The gnoll is attracted toward you.
You punch the gnoll!
You kill the gnoll!
The gnoll hits you with a +0 spear.
* * * LOW HITPOINT WARNING * * *
The gnoll hits you but does no damage.
The gnoll sergeant hits you with a +0 spear.
You die...

.....................#.
.................[...#.#
...........####.####.#..
..........# #.# .#..
.##........####.# #.#..
................# #.#.#
#......###########.#..
#..Bhg........).......
#..g)@................
#..§gg................
#..g#######.#.........
###. #.#..)...#.# ..
#........#.. ..
#........#.. ...
.#........#.. ...
...#........#
##....#.....#


You could see a gnoll sergeant, 4 gnolls, a jackal and a giant cockroach.

Vanquished Creatures
  A phantom (D:4)
  A jelly (D:4)
  An orc priest (D:3)
  Natasha (thrice) (D:3)
  An orc wizard (D:3)
  Robin (D:4)
  9 adders
  3 gnolls (D:4)
  A dart slug (D:2)
  2 worms
  7 orcs (D:3)
  8 ball pythons
  7 endoplasms
  6 giant cockroaches
  15 goblins
  7 hobgoblins
  7 jackals
  A quokka (D:2)
  3 bats
  3 frilled lizards
  8 kobolds
  6 rats
101 creatures vanquished.

Notes
Turn   | Place    | Note
-------+----------+-------------------------------------------
     0 | D:1      | zebra48r the Minotaur Fighter began the quest for the Orb.
     0 | D:1      | Reached XP level 1. HP: 19/19 MP: 0/0
   121 | D:1      | Reached skill level 1 in Dodging
   167 | D:1      | Reached XP level 2. HP: 26/26 MP: 1/1
   562 | D:2      | Reached XP level 3. HP: 27/31 MP: 2/2
   850 | D:2      | Reached XP level 4. HP: 39/39 MP: 3/3
  1367 | D:3      | Noticed Natasha
  1374 | D:3      | Killed Natasha
  1404 | D:3      | Reached XP level 5. HP: 44/45 MP: 4/4
  1770 | D:3      | Noticed Natasha
  1776 | D:3      | Killed Natasha
  1783 | D:3      | Reached skill level 5 in Unarmed Combat
  1804 | D:3      | Noticed Natasha
  1807 | D:3      | Killed Natasha
  1808 | D:3      | Reached XP level 6. HP: 51/51 MP: 5/5
  2177 | D:4      | Reached skill level 5 in Dodging
  2342 | D:4      | Noticed Robin
  2350 | D:4      | Killed Robin
  2478 | D:4      | HP: 1/76 [gnoll/+0 spear (6)]
  2478 | D:4      | Slain by a gnoll sergeant

Illustrated notes

Levels and vault maps discovered:
D:1:      roderic_dead_forest, layout_rooms
D:2:      layout_loops_cross
D:3:      layout_basic, uniq_natasha
D:4:      layout_basic, uniq_robin

Skill      XL: |  1  2  3  4  5  6 |
---------------+-------------------+-----
Dodging        | 1 2 3 4 5 |  5.2
Unarmed Combat | 3 4 5 |  5.8
Fighting       | |  3.6
Armour         | |  3.6
Shields        | |  3.6

Action                     |  1- 3 |  4- 6 || total
---------------------------+-------+-------++-------
  Melee: Unarmed           |    87 |   152 ||   239
         Headbutt          |    13 |    30 ||    43
    Use: Potion            |       |     7 ||     7
 Armour: Scale mail        |    35 |    46 ||    81
  Dodge: Dodged            |    46 |    66 ||   112
  Block: Buckler           |    18 |    34 ||    52

Table legend: (Time is in decaauts)
 A = Elapsed time spent in this place.
 B = Non-inter-level travel time spent in this place.
 C = Inter-level travel time spent in this place.
 D = Time resting spent in this place.
 E = Time spent auto-exploring this place.
 F = Levels seen in this place.
 G = Mean time per level.
                   A        B        C        D        E       F      G
               +--------+--------+--------+--------+--------+-----+--------+
         Total |   2471 |   2377 |     94 |      0 |   1919 |   4 |  617.8 |
       Dungeon |   2471 |   2377 |     94 |      0 |   1919 |   4 |  617.8 |
               +--------+--------+--------+--------+--------+-----+--------+

Top non-repeatable levels by time:
     D:3: 759 daAuts
     D:2: 693 daAuts
     D:1: 539 daAuts
     D:4: 478 daAuts
